 Dungeon Crawl Stone Soup version 0.20-a0-903-g7e3609c (webtiles) character file.

2755 Denreik the Protected (level 10, -4/80 HPs)
             Began as a Formicid Abyssal Knight on Mar 21, 2017.
             Was a Priest of Lugonu.
             Slain by a death yak (7 damage)
             ... on level 8 of the Dungeon.
             The game lasted 00:27:35 (4609 turns).

Denreik the Protected (Formicid Abyssal Knight)     Turns: 4609, Time: 00:27:35

Health: -4/80      AC: 16    Str: 18    XL:     10   Next: 0%
Magic:  11/11      EV:  8    Int: 12    God:    Lugonu [***...]
Gold:   345        SH:  0    Dex: 12    Spells: 6/9 levels left

rFire    . . .     SeeInvis +   i - +7 great mace "Undeadhunter" {disrupt, rN+}
rCold    . . .     Gourm    .   d - +1 chain mail
rNeg     + . .     Faith    .   (no shield)
rPois    .         Spirit   .   (helmet unavailable)
rElec    .         Reflect  .   C - +0 cloak
rCorr    .         Harm     +   t - +0 pair of gloves (curse)
MR       +....                  (no boots)
Stlth    ..........             k - amulet of harm
Regen    0.3/turn               (no ring)
MPRegen  0.2/turn               (no ring)

@: lethally poisoned (-4 -> -11)
A: permanent stasis, dig shafts and tunnels, four strong arms, antennae 3,
mutation resistance 1
a: Dig, Shaft Self, Depart the Abyss, Bend Space, Banish, Renounce Religion


You were on level 8 of the Dungeon.
You worshipped Lugonu.
Lugonu was most pleased with you.
You were hungry.

You visited 2 branches of the dungeon, and saw 8 of its levels.
You visited the Abyss 1 time.
You also visited: Sewer.

You collected 345 gold pieces.

Inventory:

Hand Weapons
 a - a +2 spear
 i - the +7 great mace "Undeadhunter" (weapon) {disrupt, rN+}
   (You found it on level 4 of the Dungeon)

   It protects you from negative energy.
 m - a +0 lajatang
 w - the +2 mace "Leviticus" {venom, Dex+5}
   (You found it on level 5 of the Dungeon)

   It poisons the flesh of those it strikes.
   It affects your dexterity (+5).
 G - a +0 shortbow
Missiles
 g - 7 javelins (quivered)
 n - 95 arrows
 o - 22 sling bullets
 x - 125 stones
 P - 24 bolts
Armour
 b - a +0 leather armour
 d - a +1 chain mail (worn)
 e - a +0 chain mail
 t - a cursed +0 pair of gloves (worn)
 C - a +0 cloak (worn)
 N - the -3 pair of gloves of the Hunter {MR+ Int+7, unknown}
   (You found it on level 8 of the Dungeon)

   It affects your intelligence (+7).
   It affects your resistance to hostile enchantments.
Jewellery
 f - an uncursed amulet of inaccuracy
 k - an amulet of harm (around neck)
Wands
 M - a wand of confusion (19/48)
Scrolls
 l - a scroll of teleportation {unknown}
 p - a scroll of silence {unknown}
 q - 3 scrolls of enchant weapon
 s - 2 scrolls of fear {unknown}
 u - a scroll of blinking
 y - 3 scrolls of recharging
 A - 3 scrolls of identify
 D - a scroll of magic mapping {unknown}
 E - a scroll of amnesia
 J - a scroll of immolation {unknown}
Potions
 h - 2 potions of lignification
 r - 6 potions of curing
 v - a potion of haste {unknown}
 z - a potion of brilliance
 B - a potion of heal wounds
 F - a potion of degeneration
 K - a potion of berserk rage {unknown}
Books
 L - a book of Misfortune

   Spells                             Type                      Level
   a - Confusing Touch                Hexes                        1
   b - Confuse                        Hexes                        3
   c - Gell's Gravitas                Translocation                3
   d - Petrify                        Transmutation/Earth          4
   e - Metabolic Englaciation         Hexes/Ice                    5
   f - Yara's Violent Unravelling     Hexes/Transmutation          5
Comestibles
 c - 3 bread rations
 j - a meat ration
 H - 3 fruits


   Skills:
 - Level 8.0 Fighting
 - Level 2.0 Polearms
 * Level 11.5 Armour
 - Level 0.8 Dodging
 - Level 3.1 Stealth
 * Level 2.2 Hexes
 - Level 2.1 Invocations


You had 6 spell levels left.
You knew the following spells:

 Your Spells              Type           Power        Failure   Level  Hunger
a - Confuse               Hex            #.......     100%        3    ####...


Dungeon Overview and Level Annotations

Branches:
Dungeon (8/15)             Temple (1/1) D:7
   Lair: D:8-11

Altars:
Cheibriados
Dithmenos
Fedhas
Gozag
Kikubaaqudgha
Makhleb
Nemelex Xobeh
Okawaru
Qazlal
Ru
Sif Muna
Vehumet
Wu Jian
Yredelemnul
Zin
The Shining One

Shops:
D:4 *(   D:6 !   D:7 !

Annotations:
D:8 Prince Ribbit


Innate Abilities, Weirdness & Mutations

You cannot be hasted, slowed, berserked, paralysed or teleported.
You can dig through walls and to a lower floor.
Your four strong arms can wield two-handed weapons with a shield.
You have a pair of large antennae on your head. (SInv)
You are somewhat resistant to further mutation.


Message History

The phantom is blasted by disruptive energy!
You destroy the phantom!
Lugonu accepts your kill.
You have reached level 10!
You feel sick.
The killer bee moves out of view.
The killer bee stings you but does no damage.
The killer bee stings you. x2
You are more poisoned.
The killer bee poisons you!
A yak comes into view.
You closely miss the killer bee.
You feel sick.
The killer bee stings you but does no damage. x2
The yak moves out of view.
The killer bee stings you.
Prince Ribbit lets out a mournful croak.
You barely miss the death yak.
You are feeling hungry.
You feel sick. The death yak gores you!!
* * * LOW HITPOINT WARNING * * *
The death yak gores you.
You die...

#.# . #.#
..#####.####
...........
....{..yF#
.....{{Yy##
.....{{#yK#
.......##Y#
....... #@##
##..... #(.#
#..... ##.#
#..... #.##
## ######
#..##.# ..
##.##.#
###.##
#.##.###....
#
#..#......##
##.#.......#
#.#


You could see 2 death yaks, Prince Ribbit, 3 killer bees and a kobold.

Vanquished Creatures
  The ghost of Shimatora the Slasher, a novice OpFi (D:6)
  A hippogriff (D:8)
  A hungry ghost (D:7)
  A sky beast (D:6)
  A phantom (D:8)
  An ice beast (D:7)
  3 ogres
  2 centaurs
  A big kobold (D:8)
  4 bullfrogs
  3 scorpions
  A killer bee (D:8)
  4 howler monkeys
  A centaur zombie (D:7)
  A crimson imp (D:6)
  A quasit (D:5)
  2 orc priests
  5 hounds
  3 orc wizards
  A bullfrog skeleton (D:4)
  2 centaur skeletons
  An iguana (D:7)
  A worker ant (D:5)
  A hound skeleton (D:4)
  A howler monkey zombie (D:7)
  2 gnolls (D:5)
  6 adders
  4 shadow imps
  A worm (D:5)
  2 dart slugs (D:1)
  11 leopard geckos
  12 orcs
  9 giant cockroaches
  4 jackals (D:1)
  5 kobolds
  2 ball pythons (Sewer)
  3 bats (D:1)
  6 frilled lizards
  A leopard gecko zombie (D:6)
  3 rats
115 creatures vanquished.

Vanquished Creatures (others)
  7 starspawn tentacles (Abyss:1)
7 creatures vanquished.

Grand Total: 122 creatures vanquished

Notes
Turn   | Place    | Note
-------+----------+-------------------------------------------
     0 | Abyss:1  | Denreik the Formicid Abyssal Knight began the quest for the Orb.
     0 | Abyss:1  | Reached XP level 1. HP: 18/18 MP: 2/2
    33 | Abyss:1  | Noticed a bone dragon
    57 | Abyss:1  | Noticed a small abomination
    90 | Abyss:1  | Noticed a tentacled starspawn
   136 | Abyss:1  | Noticed a smoke demon
   142 | D:1      | Escaped the Abyss
   457 | D:1      | Reached skill level 1 in Stealth
   495 | D:1      | Reached XP level 2. HP: 23/24 MP: 3/3
   514 | D:1      | Reached * piety under Lugonu
   887 | D:1      | Reached XP level 3. HP: 29/29 MP: 4/4
   993 | D:2      | You fall through a shaft for 2 floors!
   993 | D:4      | Found Tyxkabb's Antique Weapon Shop.
  1012 | D:4      | Found a burning altar of Makhleb.
  1035 | D:4      | Noticed a scorpion
  1040 | D:4      | Killed a scorpion
  1040 | D:4      | Reached XP level 4. HP: 38/38 MP: 5/5
  1093 | D:4      | Found a glowing silver altar of Zin.
  1155 | D:4      | Found Ogachahe's General Store.
  1158 | D:4      | Reached skill level 5 in Fighting
  1158 | D:4      | Reached XP level 5. HP: 44/44 MP: 6/6
  1519 | D:5      | Entered Level 5 of the Dungeon
  1522 | D:5      | Reached XP level 6. HP: 49/52 MP: 7/7
  1590 | D:5      | Reached skill level 3 in Armour
  1750 | D:5      | Got an ichor-stained mace
  1767 | D:5      | Reached ** piety under Lugonu
  1780 | D:5      | Reached XP level 7. HP: 48/59 MP: 8/8
  1792 | D:5      | Found a glowing drain.
  1804 | Sewer    | Entered a sewer
  2185 | Sewer    | Reached skill level 4 in Armour
  2213 | Sewer    | Gained mutation: You are somewhat resistant to further mutation. [potion of mutation]
  2454 | D:5      | Reached skill level 5 in Armour
  2736 | D:6      | Found an ornate altar of the Wu Jian Council.
  2773 | D:6      | Reached skill level 6 in Armour
  2773 | D:6      | Reached XP level 8. HP: 18/67 MP: 9/9
  2784 | D:6      | Noticed Shimatora's ghost (novice OpFi)
  3061 | D:6      | Identified the +2 mace "Leviticus" {venom, Dex+5} (You found it on level 5 of the Dungeon)
  3116 | D:6      | Reached *** piety under Lugonu
  3127 | D:6      | Reached skill level 7 in Armour
  3152 | D:6      | Found Ponysmesm's Distillery.
  3177 | D:6      | Killed Shimatora's ghost
  3177 | D:6      | Reached skill level 8 in Armour
  3260 | D:7      | Found Buc Kei's Distillery.
  3267 | D:7      | Reached XP level 9. HP: 53/74 MP: 10/10
  3272 | D:7      | Reached skill level 9 in Armour
  3448 | D:7      | Found a sparkling altar of Nemelex Xobeh.
  3772 | D:7      | Found a staircase to the Ecumenical Temple.
  3781 | Temple   | Entered the Ecumenical Temple
  4026 | D:7      | Found a blossoming altar of Fedhas.
  4163 | D:7      | Found a glowing golden altar of the Shining One.
  4172 | D:7      | Reached skill level 10 in Armour
  4317 | D:8      | Got a pair of brightly glowing gloves
  4322 | D:8      | Learned a level 3 spell: Confuse
  4510 | D:8      | Noticed Prince Ribbit
  4556 | D:8      | Reached skill level 1 in Hexes
  4574 | D:8      | Noticed a hippogriff
  4584 | D:8      | Reached skill level 11 in Armour
  4594 | D:8      | Killed a hippogriff
  4603 | D:8      | Noticed a death yak
  4603 | D:8      | Noticed a death yak
  4604 | D:8      | Noticed a death yak
  4607 | D:8      | Reached XP level 10. HP: 42/80 MP: 11/11
  4609 | D:8      | HP: 3/80 [death yak (25)]
  4609 | D:8      | Slain by a death yak

Vault maps used:
D:1:      lightli_arrival_statuegarden
D:2:      lemuel_doored_altar, minmay_statues_item, dk_noncrumbling_2,
          st_stairs_12, minmay_misc_feat_tiny
D:4:      nicolae_overflow_crystal_walls, bloody_makhleb, first_bread,
          serial_shops, nicolae_shop_temple_entry_statues_fountains,
          nicolae_shop_overgrown_old_shop
D:5:      gammafunk_temple_overflow_pools, gup_sewer_entry_bubbles
D:6:      nicolae_overflow_hidden_temple, serial_shops, nicolae_shop_crystal,
          shop_fountains
D:7:      lemuel_round_altar, old_standard_altar, lemuel_temple_firewalk_b,
          serial_shops, shop, nemelex_diamond_rough_becter
D:8:      dpeg_lair_monsters, hangedman_pestilent_swarm, uniq_maurice,
          uniq_prince_ribbit1
Temple:   chequers_temple_sunken
Sewer:    sewer_frog_island_01

Skill      XL: |  1  2  3  4  5  6  7  8  9 |
---------------+----------------------------+-----
Stealth        | 2 3 |  3.1
Fighting       | 4 5 6 7 8 |  8.0
Armour         | 3 6 8 11 | 11.5
Hexes          | 2 |  2.2
Polearms       | |  2.0
Dodging        | |  0.8
Invocations    | |  2.1

Action                   |  1- 3 |  4- 6 |  7- 9 | 10-12 || total
-------------------------+-------+-------+-------+-------++-------
Melee: Spear             |   128 |       |       |       ||   128
       Great mace        |     1 |    57 |   231 |     2 ||   291
Invok: Depart the Abyss  |     1 |       |       |       ||     1
 Abil: Shaft Self        |     1 |       |       |       ||     1
       Dig               |       |     1 |     1 |       ||     2
  Use: Scroll            |     4 |       |     3 |       ||     7
       Potion            |       |     1 |     6 |       ||     7
  Eat: Chunk             |       |     3 |     9 |       ||    12
       Bread ration      |       |       |     1 |       ||     1
Armor: Chain mail        |   144 |    38 |   255 |     3 ||   440
       Leather armour    |     1 |       |       |       ||     1
       Skin              |       |     6 |       |       ||     6
Dodge: Dodged            |    75 |    17 |   169 |       ||   261
